 Dungeon Crawl Stone Soup version 0.21-a0-29-g43b3074 (webtiles) character file.

95 grindst0ne the Ruffian (level 4, -1/44 HPs)
             Began as a Troll Monk on May 26, 2017.
             Slain by mcbry's ghost (5 damage)
             ... on level 3 of the Dungeon.
             The game lasted 00:03:51 (2070 turns).

grindst0ne the Ruffian (Troll Monk)                 Turns: 2070, Time: 00:03:52

Health: -1/44      AC:  6    Str: 19    XL:     4   Next: 40%
Magic:  3/3        EV: 10    Int:  6    God:
Gold:   151        SH:  0    Dex: 13    Spells: 3/3 levels left

rFire    . . .     SeeInvis .     - Unarmed
rCold    . . .     Gourm    +   (no shield)
rNeg     . . .     Faith    .   a - +0 robe
rPois    .         Spirit   .   (helmet restricted)
rElec    .         Reflect  .   g - +0 cloak
rCorr    .         Harm     .   (gloves unavailable)
MR       .....                  (boots unavailable)
Stlth    ++........             (no amulet)
Regen    0.6/turn               (no ring)
MPRegen  0.1/turn               (no ring)

@: no status effects
A: unfitting armour, claws 3, fast metabolism 3, gourmand, regeneration 1,
shaggy fur 1, tough skin 2
a: no special abilities


You were on level 3 of the Dungeon.
You were very full.

You visited 1 branch of the dungeon, and saw 3 of its levels.

You collected 151 gold pieces.

Inventory:

Armour
 a - a +0 robe (worn)
 g - a +0 cloak (worn)
 q - a +0 large shield
Scrolls
 d - 2 scrolls of remove curse {unknown}
 e - a scroll of teleportation {unknown}
 h - a scroll of amnesia {unknown}
 i - a scroll of magic mapping {unknown}
 k - 6 scrolls of identify {unknown}
 o - a scroll of fear {unknown}
 p - 3 scrolls of enchant weapon {unknown}
 r - a scroll of recharging {unknown}
Potions
 c - a potion of cancellation {unknown}
 l - 2 potions of agility {unknown}
 m - a potion of brilliance {unknown}
 n - a potion of curing {unknown}
 t - a potion of resistance {unknown}
Comestibles
 b - 4 bread rations
 f - 2 royal jellies
 j - a meat ration
 s - 3 chunks of flesh


   Skills:
 - Level 2.4 Fighting
 - Level 2.4 Dodging
 - Level 1.0 Stealth
 * Level 1.3 Shields
 + Level 4.8 Unarmed Combat


You had 3 spell levels left.
You didn't know any spells.

Dungeon Overview and Level Annotations

Branches:
Dungeon (3/15)

Altars:

Annotations:
D:3 mcbry's ghost, amateur HOFi


Innate Abilities, Weirdness & Mutations

You are too large for most types of armour.
You have claws for hands.
Your metabolism is lightning-fast.
You like to eat raw meat.
Your natural rate of healing is unusually fast.
You are covered in fur. (AC +1)
You have very tough skin. (AC +2)


Message History

Mcbry's ghost hits you.
You claw mcbry's ghost!
Mcbry's ghost is moderately damaged.
You scratch mcbry's ghost.
Mcbry's ghost is moderately damaged.
Mcbry's ghost hits you but does no damage.
You scratch mcbry's ghost.
Mcbry's ghost is heavily damaged.
Mcbry's ghost hits you!
You claw mcbry's ghost!
Mcbry's ghost is severely damaged.
Mcbry's ghost hits you.
You scratch mcbry's ghost but do no damage.
Mcbry's ghost is severely damaged.
Mcbry's ghost hits you!
* * * LOW HITPOINT WARNING * * *
You scratch mcbry's ghost.
Mcbry's ghost is severely damaged.
Mcbry's ghost hits you.
You die...

.........#.#.#.#.#.## ###........
..##....#.#.#.#.#.#.# #........
#..#.....#.#.#.#.#.## ##.......
##.##...#.#.#.#.#.#.# ##.......
##...###.#.#.#.#.#.## #........
..##..###.#.#.#.#.#.#####........
#......##........................
#####...........W............<...
##.#####....@..(.............
######.....#......[..............
....######.......[[...[..........
....# ##................######
....#######................#
....##.....................#
.......####...............##
....#### #.....>..#.....## ....#
#.).....########


You could see mcbry's ghost.

Vanquished Creatures
  An adder (D:3)
  An ooze (D:2)
  4 worms (D:2)
  2 dart slugs
  2 leopard geckos (D:1)
  8 orcs
  4 giant cockroaches
  7 goblins
  4 hobgoblins (D:1)
  2 jackals (D:3)
  8 bats
  6 frilled lizards
  2 kobolds
  5 rats
56 creatures vanquished.

Notes
Turn   | Place    | Note
-------+----------+-------------------------------------------
     0 | D:1      | grindst0ne the Troll Monk began the quest for the Orb.
     0 | D:1      | Reached XP level 1. HP: 22/22 MP: 0/0
   238 | D:1      | Reached XP level 2. HP: 29/29 MP: 1/1
   610 | D:1      | Reached skill level 4 in Unarmed Combat
   755 | D:1      | Reached XP level 3. HP: 36/36 MP: 2/2
  1591 | D:2      | Reached XP level 4. HP: 25/44 MP: 3/3
  1794 | D:3      | Reached skill level 1 in Shields
  2026 | D:3      | Noticed mcbry's ghost (amateur HOFi)
  2070 | D:3      | Slain by mcbry's ghost

Vault maps used:
D:1:      dpeg_arrival_shrine, minmay_tetromino_s2
D:2:      first_bread
D:3:      minivault_23

Skill      XL: |  1  2  3  4 |
---------------+-------------+-----
Unarmed Combat | 4 |  4.8
Shields        | 1 |  1.3
Fighting       | |  2.4
Dodging        | |  2.4
Stealth        | |  1.0

Action                   |  1- 3 |  4- 6 || total
-------------------------+-------+-------++-------
Melee: Unarmed           |   112 |    50 ||   162
       Punch             |     5 |       ||     5
 Stab: Sleeping          |     2 |       ||     2
  Eat: Chunk             |    20 |     4 ||    24
Armor: Robe              |    57 |    13 ||    70
Dodge: Dodged            |    70 |    20 ||    90
